 Dungeon Crawl Stone Soup version 0.21-a0-434-g806c6c2 (webtiles) character file.

43 HAL9000 the Skirmisher (level 3, -7/39 HPs)
             Began as an Ogre Hunter on Nov 8, 2017.
             Mangled by a gnoll
             ... wielding a +0 flail
              (9 damage)
             ... on level 2 of the Dungeon.
             The game lasted 00:03:54 (1768 turns).

HAL9000 the Skirmisher (Ogre Hunter)                Turns: 1768, Time: 00:03:55

Health: -7/39      AC:  3    Str: 17    XL:     3   Next: 58%
Magic:  3/3        EV: 10    Int: 12    God:
Gold:   98         SH:  0    Dex:  9    Spells: 2/2 levels left

rFire    . . .     SeeInvis .   a - +0 short sword
rCold    . . .     Gourm    .   (no shield)
rNeg     . . .     Faith    .   b - +0 robe
rPois    .         Spirit   .   (helmet restricted)
rElec    .         Reflect  .   (no cloak)
rCorr    .         Harm     .   (gloves unavailable)
MR       .....                  (boots unavailable)
Stlth    +.........             (no amulet)
HPRegen  0.13/turn              (no ring)
MPRegen  0.08/turn              (no ring)

@: no status effects
A: unfitting armour, tough skin 1
a: no special abilities


You were on level 2 of the Dungeon.
You were not hungry.

You visited 1 branch of the dungeon, and saw 2 of its levels.

You collected 98 gold pieces.

Inventory:

Hand Weapons
 a - a +0 short sword (weapon)
Missiles
 c - a large rock (quivered)
 d - 2 throwing nets
Armour
 b - a +0 robe (worn)
Scrolls
 i - a scroll of enchant weapon {unknown}
 k - a scroll of amnesia {unknown}
 o - a scroll of identify {unknown}
 p - a scroll of blinking {unknown}
 r - a scroll of fog {unknown}
Potions
 g - a potion of lignification {unknown}
 n - a potion of might {unknown}
Comestibles
 f - a bread ration
 j - a meat ration
 l - 2 fruits
 q - a chunk of flesh


   Skills:
 + Level 4.1 Fighting
 - Level 4.0 Throwing
 + Level 2.7 Dodging
 - Level 0.6 Stealth


You had 2 spell levels left.
You didn't know any spells.

Dungeon Overview and Level Annotations

Branches:
Dungeon (2/15)

Altars:


Innate Abilities, Weirdness & Mutations

You are too large for most types of armour.
You have tough skin. (AC +1)


Message History

Unknown command.
Throwing (i - inventory. (,) - cycle):
c - 3 large rocks (quivered)
Press: ? - help, Shift-Dir - straight line, f/p - gnoll
Aim: a gnoll, wielding a flail You throw a large rock.
The large rock closely misses the gnoll. x2
The gnoll hits you with a flail. The gnoll hits you with a whip.
Unknown command.
Throwing (i - inventory. (,) - cycle):
c - 2 large rocks (quivered)
Press: ? - help, Shift-Dir - straight line, f/p - gnoll
Aim: a gnoll, wielding a flail You throw a large rock.
The large rock hits the gnoll.
The gnoll is lightly wounded.
The gnoll closely misses you.
The gnoll hits you from afar with a halberd.
The gnoll hits you with a flail!
* * * LOW HITPOINT WARNING * * *
Unknown command.
The gnoll hits you with a flail!
You die...

#....######...#
#....#....'...#
#.........#...########
#.........#...........
+#......############
##+#......######
................#
...........####.#
........@g.# #.#
......#..#g# #.#
...<#.#..#(# #.#
....#.#..#g####.#
###.#.#..#....#'###
#.#).....#......#
#........#......#
#........##.....#######
#......................


You could see 2 gnolls.

Vanquished Creatures
  A gnoll (D:2)
  2 dart slugs (D:1)
  A leopard gecko (D:1)
  4 bats
  4 goblins
  7 hobgoblins (D:1)
  2 jackals (D:2)
  3 frilled lizards
  A kobold (D:1)
  3 rats
28 creatures vanquished.

Notes
Turn   | Place    | Note
-------+----------+-------------------------------------------
     0 | D:1      | HAL9000 the Ogre Hunter began the quest for the Orb.
     0 | D:1      | Reached XP level 1. HP: 22/22 MP: 1/1
    82 | D:1      | Reached XP level 2. HP: 15/31 MP: 2/2
  1211 | D:1      | Reached XP level 3. HP: 33/39 MP: 3/3
  1768 | D:2      | Mangled by a gnoll

Vault maps used:
D:1:      dpeg_arrival_round_c
D:2:      kennysheep_the_goblin_king, first_bread

Skill      XL: |  1  2  3 |
---------------+----------+-----
Fighting       | 3 4 |  4.1
Dodging        | 2 |  2.7
Throwing       | |  4.0
Stealth        | |  0.6

Action                   || total
-------------------------++-------
Melee: Short sword       ||   114
Throw: Large rock        ||     4
 Stab: Sleeping          ||     1
  Eat: Chunk             ||     3
Armor: Robe              ||    44
Dodge: Dodged            ||    65

Table legend:
 A = Spawn XP
 B = Non-spawn XP
 C = Spawn XP percentage of total XP
 D = Spawn monster count
 E = Non-spawn monster count
 F = Spawn count percentage of total count
 G = Total turns spent on level
                    A         B        C        D         E        F      G
               +---------+---------+-------+---------+---------+-------+---------
         Total |       0 |      62 |   0.0 |       0 |      28 |   0.0 |  1768
               +---------+---------+-------+---------+---------+-------+---------
           D:1 |       0 |      38 |   0.0 |       0 |      20 |   0.0 |  1349
           D:2 |       0 |      24 |   0.0 |       0 |       8 |   0.0 |   419
               +---------+---------+-------+---------+---------+-------+---------
